 Dungeon Crawl Stone Soup version 0.30.0-29-ga12c61a403 (webtiles) character file.

Game seed: 12776527759126665176

169 Graphine the Gusty (level 5, -4/38 HPs)
             Began as a Human Air Elementalist on June 24, 2023.
             Killed from afar by a steam dragon (9 damage)
             ... with a ball of steam
             ... on level 4 of the Dungeon.
             The game lasted 00:06:24 (2660 turns).

Graphine the Gusty (Human Air Elementalist)         Turns: 2660, Time: 00:06:24

Health: -4/38      AC:  5    Str: 12    XL:     5   Next: 79%
Magic:  6/8        EV: 13    Int: 17    God:
Gold:   66         SH:  0    Dex: 15    Spells: 2/8 levels left

rFire   x . .        e - +0 dagger (elec)
rCold   . . .        (no shield)
rNeg    . . .        p - +1 robe "Refygoen" {rF- Str+3 Dex+2 Archmagi}
rPois   .            (no helmet)
rElec   .            a - +0 cloak
rCorr   .            c - +0 pair of gloves
SInv    .            (no boots)
Will    .....        (no amulet)
Stlth   ++           h - +4 ring of slaying
HPRegen 0.26/turn    (no ring)
MPRegen 0.11/turn

%: archmagi
@: no status effects
A: no striking features
a: no special abilities


You were on level 4 of the Dungeon.
You visited 1 branch of the dungeon, and saw 4 of its levels.

You collected 66 gold pieces.

Inventory:

Hand Weapons
 e - a +0 dagger of electrocution (weapon)
 j - a +1 dagger of pain
Armour
 a - a +0 cloak (worn)
 c - a +0 pair of gloves (worn)
 p - the +1 robe "Refygoen" (worn) {rF- Str+3 Dex+2 Archmagi}
   (You found it on level 3 of the Dungeon)

   Str:       It affects your strength (+3).
   Dex:       It affects your dexterity (+2).
   rF:        It makes you vulnerable to fire.
   Archmagi:  It increases the power of your magical spells.
Jewellery
 h - a +4 ring of slaying (left hand)
Scrolls
 n - a scroll of teleportation
Potions
 b - a potion of magic
 f - a potion of haste {unknown}
 g - 2 potions of brilliance {unknown}
 i - a potion of might {unknown}
 k - 2 potions of attraction {unknown}
 m - a potion of degeneration {unknown}
 o - a potion of lignification {unknown}


   Skills:
 * Level 2.1 Fighting
 * Level 1.8 Short Blades
 * Level 3.2 Dodging
 - Level 2.0 Stealth
 + Level 2.4 Spellcasting
 - Level 1.0 Conjurations
 * Level 3.8 Air Magic


You had 2 spell levels left.
You knew the following spells:

 Your Spells              Type           Power      Damage    Failure   Level
a - Shock                 Conj/Air       60%        1d6       7%          1
b - Static Discharge      Conj/Air       30%        2-4/arc   11%         2
c - Swiftness             Air            22%        N/A       11%         3

Your spell library contained the following spells:

 Spells                   Type           Power      Damage    Failure   Level
 Airstrike                Air            11%        2d(2-18)  36%         4


Dungeon Overview and Level Annotations

Branches:
Dungeon (4/15)
 Temple: D:4-7

Altars:
Makhleb

Shops:
D:2 [


Message History

Press: ? - help, Dir - move target
As you read the scroll labelled MEUSIO ORCHO, it crumbles to dust.
It was a scroll of blinking.
There is a stone staircase leading down here.
You climb downwards.
Found 19 gold pieces and a glowing flail.
There is a stone staircase leading up here.
The helpless steam dragon fails to defend itself.
You puncture the steam dragon!
Lightning courses through the steam dragon!
The steam dragon is almost dead.
You closely miss the steam dragon.
The steam dragon is almost dead.
The steam dragon breathes steam at you. The ball of steam hits you!!
The steam scalds you terribly!
Ouch! That really hurt!
You are too injured to fight recklessly!
Casting: Shock (safe; 7% risk of failure)
Confirm with . or Enter, or press ? or * to list all spells.
Aiming: Shock (safe; 7% risk of failure)
Press: ? - help, Shift-Dir - straight line, f - steam dragon
Aim: a steam dragon (steam, almost dead, catching its breath, 71% to hit)
You feel a surge of power!
The zap misses the steam dragon.
You are engulfed in a cloud of scalding steam.
The steam dragon bites you. The steam dragon claws you.
* * * LOW HITPOINT WARNING * * *
The steam dragon bites you.
* * * LOW HITPOINT WARNING * * *
The steam dragon completely misses you.
You see here 19 gold pieces.
Casting: Shock (safe; 7% risk of failure)
Confirm with . or Enter, or press ? or * to list all spells.
Aiming: Shock (safe; 7% risk of failure)
Press: ? - help, Shift-Dir - straight line, f/p - steam dragon
Aim: a steam dragon (almost dead, 71% to hit)
You feel a surge of power!
The zap hits the steam dragon.
The steam dragon is almost dead.
The steam dragon breathes steam at you. The ball of steam hits you!
The steam scalds you terribly!
You die...

## ..
##########.#
.......@<..#
......§D####
.....)§.#
.........
.........
..........
#######...
####.


You could see a steam dragon (catching breath).

Vanquished Creatures
  An orc priest (D:3)
  Terence (D:2)
  An orc wizard (D:3)
  3 adders (D:2)
  2 worms (D:2)
  A dart slug (D:1)
  4 orcs (D:3)
  3 ball pythons
  8 endoplasms
  A giant cockroach (D:3)
  4 goblins
  4 hobgoblins (D:2)
  5 kobolds
  2 quokkas (D:3)
  4 bats
  2 frilled lizards
  4 rats
50 creatures vanquished.

Notes
Turn   | Place    | Note
-------+----------+-------------------------------------------
     0 | D:1      | Graphine the Human Air Elementalist began the quest for the
                  | Orb.
     0 | D:1      | Reached XP level 1. HP: 13/13 MP: 3/3
   115 | D:1      | Reached XP level 2. HP: 10/20 MP: 0/5
   298 | D:1      | You fall into a shaft and drop 1 floor!
   324 | D:2      | Reached skill level 1 in Fighting
   324 | D:2      | Reached XP level 3. HP: 20/26 MP: 0/6
   872 | D:2      | Found Ubitec's Antique Armour Emporium.
  1078 | D:2      | Noticed Terence
  1083 | D:2      | Reached XP level 4. HP: 32/32 MP: 1/7
  1087 | D:2      | Killed Terence
  1088 | D:2      | Reached skill level 1 in Short Blades
  1355 | D:2      | Found a burning altar of Makhleb.
  1496 | D:3      | Reached XP level 5. HP: 34/38 MP: 1/8
  1577 | D:3      | Learned a level 2 spell: Static Discharge
  1581 | D:3      | Learned a level 3 spell: Swiftness
  2459 | D:3      | Identified the +1 robe "Refygoen" {rF- Str+3 Dex+2
                  | Archmagi}
  2655 | D:4      | Noticed a steam dragon
  2660 | D:4      | Killed from afar by a steam dragon

Illustrated notes

Levels and vault maps discovered:
D:1:      dpeg_arrival_refuge, layout_rooms,
          hellmonk_ecumenical_altar_arch_garden, chequers_serial_rivers_room_a,
          eino_curves_02
D:2:      layout_basic, serial_shops, shop, basic_altar, uniq_terence
D:3:      layout_basic, serial_curves, eino_curves_01, eino_curves_03,
          eino_curves_03, eino_curves_01
D:4:      cheibrodos_fertilizer, layout_basic, uniq_edmund, uniq_sigmund

Skill      XL: |  1  2  3  4  5 |
---------------+----------------+-----
Fighting       | 1 2 |  2.1
Short Blades   | 1 |  1.8
Dodging        | 3 |  3.2
Stealth        | |  2.0
Spellcasting   | |  2.4
Conjurations   | |  1.0
Air Magic      | |  3.8

Action                     |  1- 3 |  4- 6 || total
---------------------------+-------+-------++-------
  Melee: Dagger            |    35 |    30 ||    65
         Punch             |     1 |       ||     1
   Cast: Shock             |    54 |    66 ||   120
    Use: Scroll            |       |     4 ||     4
   Stab: Sleeping          |       |     1 ||     1
 Armour: Robe              |    11 |     4 ||    15
  Dodge: Dodged            |    27 |    13 ||    40
